 Dungeon Crawl Stone Soup version 0.25.1-2-g60ff931df9 (webtiles) character file.

Game seed: 213793774759495813

33604 queenofzan the Fighter (level 13, -13/123 HPs)
             Began as a Minotaur Berserker on Sept 28, 2020.
             Was an Elder of Trog.
             Drowned by a drowned soul (17 damage)
             ... summoned by a merfolk avatar
             ... on level 6 of the Lair of Beasts.
             The game lasted 00:24:21 (16133 turns).

queenofzan the Fighter (Minotaur Berserker)        Turns: 16133, Time: 00:24:21

Health: -13/123    AC: 27    Str: 27    XL:     13   Next: 37%
Magic:  4/4        EV: 18    Int:  7    God:    Trog [****..]
Gold:   2165       SH:  0    Dex: 14    Spells: 12/12 levels left

rFire    . . .     SeeInvis +   t - +7 hand axe of Ihist {antimagic, Str+4}
rCold    . . .     Gourm    .   (no shield)
rNeg     + . .     Faith    .   I - +0 pearl dragon scales
rPois    +         Spirit   .   H - +2 hat {Int+3}
rElec    .         Reflect  .   A - +2 cloak {rPois}
rCorr    .         Harm     .   D - +2 pair of gloves
MR       ++...                  E - +0 pair of boots
Stlth    +.........             (no amulet)
HPRegen  1.30/turn              y - ring of stealth
MPRegen  0.09/turn              C - ring of see invisible

@: mesmerised, regenerating, very slow
A: retaliatory headbutt, horns 2
a: Berserk, Trog's Hand, Brothers in Arms, Renounce Religion


You were on level 6 of the Lair of Beasts.
You worshipped Trog.
Trog was greatly pleased with you.
You were hungry.

You visited 3 branches of the dungeon, and saw 17 of its levels.
You also visited: Sewer and Ossuary.

You collected 2253 gold pieces.
You spent 88 gold pieces at shops.

Inventory:

Hand Weapons
 a - a +0 hand axe of venom
 j - a +1 vorpal war axe
 t - the +7 hand axe of Ihist (weapon) {antimagic, Str+4}
   (You found it on level 4 of the Dungeon)

   It reduces the magical energy of the wielder, and disrupts the spells and
   magical abilities of those hit.
   Natural abilities and divine invocations are not affected.
   It affects your strength (+4).
Armour
 b - a +0 animal skin
 f - a +1 chain mail
 A - a +2 cloak of poison resistance (worn)
 D - a +2 pair of gloves (worn)
 E - a +0 pair of boots (worn)
 H - a +2 hat of intelligence (worn)
 I - +0 pearl dragon scales (worn)
Jewellery
 y - a ring of stealth (left hand)
 C - a ring of see invisible (right hand)
 J - an uncursed amulet of faith
 N - an uncursed ring of fire {unknown}
 Q - a +6 ring of dexterity
Wands
 r - a wand of random effects (7)
 s - a wand of iceblast (6)
 B - a wand of polymorph (21)
 K - a wand of clouds (5)
Scrolls
 d - a scroll of holy word
 g - 5 scrolls of teleportation
 l - 3 scrolls of fear
 n - 5 scrolls of remove curse
 q - 4 scrolls of fog
 w - a scroll of immolation
 F - 2 scrolls of magic mapping
 L - 2 scrolls of blinking
 O - a scroll of silence
Potions
 e - 3 potions of magic
 h - a potion of ambrosia {unknown}
 i - 9 potions of curing
 k - 3 potions of might
 m - 4 potions of haste
 o - 6 potions of flight
 p - a potion of lignification {unknown}
 u - 2 potions of mutation
 x - a potion of cancellation {unknown}
 z - 3 potions of stabbing {unknown}
 G - a potion of resistance {unknown}
 M - a potion of invisibility {unknown}
Comestibles
 c - 32 rations
 P - 13 chunks of flesh


   Skills:
 + Level 13.8 Fighting
 + Level 13.8 Axes
 + Level 13.6 Armour
 + Level 12.6 Dodging


You had 12 spell levels left.
You didn't know any spells.
Your spell library was empty.

Dungeon Overview and Level Annotations

Branches:
Dungeon (10/15)            Temple (1/1) D:4            Lair (6/6) D:8
 Shoals (0/4) Lair:3        Snake (0/4) Lair:4        Slime (0/5) Lair:5
    Orc (0/2) D:10          Sewer (visited)         Ossuary (visited)

Altars:
Ashenzari
Cheibriados
Dithmenos
Elyvilon
Fedhas
Gozag
Hepliaklqana
Kikubaaqudgha
Makhleb
Nemelex Xobeh
Okawaru
Qazlal
Ru
Sif Muna
Trog
Uskayaw
Vehumet
Wu Jian
Xom
Yredelemnul
Zin
The Shining One
Beogh

Shops:
D:7 ?


Innate Abilities, Weirdness & Mutations

You reflexively headbutt those who attack you in melee.
You have a pair of horns on your head.


Message History

The merfolk avatar chants its luring song.
The drowned soul touches you. The drowned soul drowns you!
* * * LOW HITPOINT WARNING * * *
You hit the merfolk avatar but do no damage.
You headbutt the merfolk avatar!!
The merfolk avatar is severely wounded.
You slash the drowned soul!
The merfolk avatar chants its luring song.
Your unstable footing causes you to fumble your attack.
You closely miss the merfolk avatar.
The merfolk avatar is severely wounded.
You slash the drowned soul! x2; The drowned soul touches you.
The drowned soul drowns you!
* * * LOW HITPOINT WARNING * * *
The merfolk avatar chants its luring song.
Your unstable footing causes you to fumble your attack.
The drowned soul touches you. The drowned soul drowns you!
* * * LOW HITPOINT WARNING * * *
The drowned soul touches you. The drowned soul drowns you!
You die...

####≈P≈≈#####≈
≈.....
.≈≈≈P≈≈≈≈≈≈8#≈
#.....#
#≈≈≈≈≈≈≈≈≈≈≈≈#
#≈≈≈≈≈≈≈≈≈≈≈≈#
#≈≈≈≈))(}≈≈≈≈#
#≈≈≈≈[≈W$≈≈≈≈# ≈#
#≈≈≈≈$≈≈!†≈≈≈#≈≈#.
#≈≈P≈}|$:W≈#≈.≈≈P≈
#≈≈≈≈≈≈≈≈m@≈≈#≈≈≈
#≈≈≈≈≈P≈≈≈≈≈≈# ≈#
#≈≈≈≈≈≈≈≈≈≈≈8# .
≈≈≈P########.##### #
≈≈≈#8≈≈≈≈≈≈≈≈≈≈≈# .≈
#≈≈#P≈≈≈P≈≈#≈≈≈P#
≈.##≈≈#≈≈≈≈≈≈≈≈≈≈≈≈#
≈≈≈≈≈≈#.≈≈≈#†≈#≈≈≈##
.≈≈≈≈≈≈≈≈≈≈≈≈≈≈≈≈≈≈≈


You could see a merfolk avatar (mesmerising) and 2 drowned souls.

Vanquished Creatures
  Gastronok (Lair:2)
  Josephine (Lair:4)
  3 hydras
  Nergalle (Lair:4)
  Sonja (Lair:2)
  A fire crab (Lair:6)
  Pikel (D:4)
  An unseen horror (D:10)
  A manticore (Lair:6)
  2 elephants (Lair:6)
  A merfolk siren (Lair:3)
  3 black mambas
  Joseph (D:7)
  9 spiny frogs
  3 rime drakes
  8 komodo dragons
  A queen bee (Lair:1)
  A polar bear (Lair:5)
  A wind drake (Lair:6)
  A troll (D:10)
  7 dream sheep (Lair:3)
  18 blink frogs
  6 hippogriffs
  A wyvern (Lair:6)
  5 wraiths (Lair:4)
  4 yaks (Lair:4)
  Sigmund (D:5)
  2 basilisks
  2 fire bats (Lair:1)
  2 hungry ghosts
  5 nagas (Lair:4)
  11 water moccasins
  The ghost of musicalSilence the Conjurer, an amateur TeCj (D:4)
  8 porcupines
  3 orc warriors
  2 sky beasts
  2 ice beasts
  5 ogres
  An eye of draining (D:10)
  5 phantoms
  7 crocodiles
  2 big kobolds (Sewer)
  7 bullfrogs
  10 scorpions
  24 killer bees (Lair:1)
  4 wights (D:8)
  4 howler monkeys
  2 centaur zombies (Ossuary)
  5 crimson imps
  4 human zombies
  4 hounds
  Crazy Yiuf (D:4)
  12 orc priests
  2 centaur skeletons (D:10)
  A jelly (D:10)
  11 orc wizards
  Natasha (twice) (D:4)
  2 bullfrog skeletons
  2 iguanas
  6 worker ants
  A killer bee zombie (D:7)
  3 big kobold zombies (Ossuary)
  3 hound zombies
  2 hound skeletons
  3 mummies (Ossuary)
  2 howler monkey skeletons
  A river rat (Sewer)
  18 adders
  A scorpion zombie (Ossuary)
  A shadow imp (D:10)
  3 oozes
  2 adder zombies
  An adder skeleton (D:9)
  3 worms
  A dart slug (D:2)
  5 leopard geckos
  52 orcs
  7 ball pythons
  6 bats
  6 giant cockroaches
  3 gnoll zombies (Ossuary)
  8 goblins
  8 hobgoblins
  7 jackals
  10 kobolds
  4 quokkas
  3 frilled lizards
  2 goblin zombies (Ossuary)
  3 hobgoblin zombies (Ossuary)
  A kobold zombie (Ossuary)
  An orc zombie (Ossuary)
  17 rats
  A plant (Lair:4)
434 creatures vanquished.

Vanquished Creatures (others)
  A slave (D:4)
  A crocodile (Lair:6)
  Natasha (D:4)
  A fire vortex (Lair:1)
  7 fungi
  9 plants
20 creatures vanquished.

Grand Total: 454 creatures vanquished

Notes
Turn   | Place    | Note
-------+----------+-------------------------------------------
     0 | D:1      | queenofzan the Minotaur Berserker began the quest for the
                  | Orb.
     0 | D:1      | Reached XP level 1. HP: 19/19 MP: 0/0
   277 | D:1      | Reached XP level 2. HP: 7/27 MP: 1/1
  1299 | D:2      | Reached XP level 3. HP: 28/33 MP: 2/2
  1485 | D:2      | Reached ** piety under Trog
  1485 | D:2      | Reached XP level 4. HP: 41/41 MP: 3/3
  1547 | D:2      | Found a glowing golden altar of the Shining One.
  2150 | D:3      | Reached XP level 5. HP: 47/47 MP: 4/4
  2191 | D:3      | Found a glowing drain.
  2211 | Sewer    | Entered a sewer
  2426 | Sewer    | Reached skill level 5 in Fighting
  2426 | Sewer    | Reached skill level 5 in Axes
  2436 | Sewer    | Reached XP level 6. HP: 38/56 MP: 5/5
  3196 | D:3      | Reached *** piety under Trog
  3548 | D:3      | Found a shimmering altar of Xom.
  3844 | D:4      | Found a stormy altar of Qazlal.
  3892 | D:4      | Found a staircase to the Ecumenical Temple.
  3906 | D:4      | Got a smouldering hand axe
  3963 | D:4      | Found a sand-covered staircase.
  3978 | D:4      | Reached skill level 5 in Armour
  3978 | D:4      | Reached XP level 7. HP: 50/62 MP: 6/6
  4107 | Ossuary  | Entered an ossuary
  4330 | Ossuary  | Reached skill level 5 in Dodging
  4713 | Ossuary  | Reached XP level 8. HP: 45/71 MP: 7/7
  4832 | Ossuary  | Identified the +7 hand axe of Ihist {antimagic, Str+4} (You
                  | found it on level 4 of the Dungeon)
  4855 | D:4      | Noticed Pikel
  4865 | D:4      | Killed Pikel
  4997 | D:4      | Found a runed translucent door.
  4998 | D:4      | Noticed Crazy Yiuf
  5089 | D:4      | Found a runed translucent gate.
  5089 | D:4      | Found a runed translucent gate.
  5089 | D:4      | Found a runed translucent gate.
  5089 | D:4      | Noticed musicalSilence's ghost (amateur TeCj)
  5251 | D:4      | Noticed Natasha
  5255 | D:4      | Killed Natasha
  5400 | D:4      | Noticed Natasha
  5404 | D:4      | Killed Natasha
  5443 | D:4      | Killed Natasha
  5622 | Temple   | Entered the Ecumenical Temple
  5749 | D:4      | Killed musicalSilence's ghost
  5851 | D:4      | Killed Crazy Yiuf
  5894 | D:5      | Entered Level 5 of the Dungeon
  6049 | D:5      | Found a basalt altar of Yredelemnul.
  6052 | D:5      | Found an iron altar of Okawaru.
  6055 | D:5      | Found a burning altar of Makhleb.
  6058 | D:5      | Found a hide-covered altar of Uskayaw.
  6062 | D:5      | Reached XP level 9. HP: 81/81 MP: 2/8
  6179 | D:5      | Noticed Sigmund
  6190 | D:5      | Killed Sigmund
  6725 | D:6      | Reached **** piety under Trog
  7043 | D:7      | Noticed Joseph
  7061 | D:7      | Killed Joseph
  7815 | D:7      | Found Ditheun's Magic Scroll Shoppe.
  7825 | D:7      | Bought 2 scrolls of identify for 44 gold pieces
  7825 | D:7      | Bought a scroll of identify for 22 gold pieces
  7825 | D:7      | Bought a scroll of identify for 22 gold pieces
  8044 | D:8      | Reached XP level 10. HP: 91/91 MP: 3/9
  8348 | D:8      | Found a shimmering blue altar of Sif Muna.
  8796 | D:8      | Found a staircase to the Lair.
  9117 | D:9      | Reached skill level 10 in Fighting
  9117 | D:9      | Reached skill level 10 in Axes
  9297 | D:9      | Found an iron altar of Okawaru.
  9776 | D:9      | Found a snail-covered altar of Cheibriados.
  9789 | D:10     | Entered Level 10 of the Dungeon
  9845 | D:10     | Reached skill level 10 in Armour
  9861 | D:10     | Found a staircase to the Orcish Mines.
  9880 | D:10     | Found a roughly hewn altar of Beogh.
 10238 | D:10     | Noticed an unseen horror
 10262 | D:10     | Killed an unseen horror
 10267 | D:10     | Reached XP level 11. HP: 95/101 MP: 3/10
 10478 | Lair:1   | Entered Level 1 of the Lair of Beasts
 11068 | Lair:1   | Reached skill level 10 in Dodging
 11631 | Lair:1   | Reached ***** piety under Trog
 11813 | Lair:2   | Noticed Gastronok
 11831 | Lair:2   | Killed Gastronok
 12381 | Lair:2   | Noticed Sonja
 12392 | Lair:2   | Killed Sonja
 13017 | Lair:3   | Found a staircase to the Shoals.
 13062 | Lair:3   | Reached XP level 12. HP: 99/112 MP: 3/11
 13715 | Lair:3   | Identified a scroll of acquirement
 13718 | Lair:3   | Acquired 1340 gold pieces
 13913 | Lair:4   | Found a staircase to the Snake Pit.
 13941 | Lair:4   | Noticed a four-headed hydra
 13956 | Lair:4   | Killed a 15-headed hydra
 14098 | Lair:4   | Noticed Josephine
 14114 | Lair:4   | Killed Josephine
 14536 | Lair:4   | Noticed Nergalle
 14546 | Lair:4   | Killed Nergalle
 14624 | Lair:4   | Noticed a seven-headed hydra
 14631 | Lair:4   | Killed a ten-headed hydra
 15166 | Lair:5   | Reached XP level 13. HP: 113/122 MP: 4/12
 15351 | Lair:5   | Found a staircase to the Slime Pits.
 15527 | Lair:5   | You fall into a shaft and drop 1 floor!
 15527 | Lair:6   | Entered Level 6 of the Lair of Beasts
 16133 | Lair:6   | HP: 4/123 [drowned by a drowned soul[a merfolk avatar]
                  | (16)]
 16133 | Lair:6   | Drowned by a drowned soul

Illustrated notes

Levels and vault maps discovered:
D:1:      ncdulo_smallfort, layout_loops_ring
D:2:      layout_loops_ring, lemuel_crystal_altar
D:3:      layout_basic, lemuel_coloured_pillars_altar,
          cheibrodos_sewer_entry_bend, hangedman_abyss_or_decor_lesser_grid,
          grunt_ministairs_12
D:4:      layout_basic, nicolae_overflow_crystal_walls,
          minmay_temple_entry_mini_moons, enter_ossuary_3, serial_glass,
          glass_columns_c, glass_columns_b, ebering_ghost_rock_garden,
          first_ration, kennysheep_big_empty_room, minmay_misc_feat_doors,
          uniq_pikel, uniq_natasha, uniq_crazy_yiuf_cottage
D:5:      layout_rooms, grunt_temple_overflow_cloverleaf, uniq_sigmund
D:6:      layout_rooms, lightli_minifort
D:7:      layout_loops_corners, serial_shops, shop, grunt_ogre_cave, uniq_joseph
D:8:      layout_cave_pods, led_sif_pool, grunt_lair_entry_orc_guard_hut
D:9:      layout_basic, kennysheep_mini_moat, hangedman_abyss_or_decor_stabs,
          okawaru_metal_pillars_1_2
D:10:     layout_big_octagon, minmay_orc_entry_temple_small
Temple:   dshaligram_water_room_temple
Lair:1:   layout_gridlike, special_room [special_room_bee]
Lair:2:   layout_regular_city, serial_bayou_shore_b, serial_bayou_shore_a,
          uniq_sonja, uniq_gastronok
Lair:3:   layout_long_grid, minmay_shoals_entry_lonely_mermaid
Lair:4:   layout_loops_ring, minmay_snake_entry_guardpost_medium, uniq_nergalle,
          uniq_josephine
Lair:5:   layout_hall_layers, slime_dummy
Lair:6:   gammafunk_lair_ancient_temple, layout_cave_pods

Skill      XL: |  1  2  3  4  5  6  7  8  9 10 11 12 |
---------------+-------------------------------------+-----
Axes           | 4 5 6 7 9 10 12 13 | 13.8
Fighting       | 4 5 6 7 9 10 12 13 | 13.8
Armour         | 3 4 5 6 7 9 10 11 13 | 13.6
Dodging        | 3 4 5 6 8 9 10 12 | 12.6

Action                   |  1- 3 |  4- 6 |  7- 9 | 10-12 | 13-15 || total
-------------------------+-------+-------+-------+-------+-------++-------
Melee: Hand axe          |    68 |   210 |   303 |   594 |   153 ||  1328
       Headbutt          |    10 |    36 |    74 |   127 |    47 ||   294
Invok: Trog's Hand       |       |     1 |     9 |    15 |     5 ||    30
       Berserk           |       |       |     3 |     5 |     1 ||     9
  Use: Scroll            |     3 |     6 |    11 |    14 |       ||    34
       Potion            |       |       |       |       |     4 ||     4
  Eat: Chunk             |     2 |     8 |    13 |    21 |     2 ||    46
       Ration            |       |       |     2 |     4 |     1 ||     7
Armor: Chain mail        |    21 |    97 |   138 |   288 |       ||   544
       Animal skin       |     6 |       |       |       |       ||     6
       Pearl dragon scal |       |       |       |    17 |    64 ||    81
Dodge: Dodged            |    40 |    98 |   140 |   382 |   124 ||   784
